 Dungeon Crawl Stone Soup version 0.31.0-12-g77e489cdc1 (webtiles) character file.

Game seed: 5902818022293779838

221 Gadfly the Shield-Bearer (level 5, -6/33 HPs)
             Began as a Gargoyle Fighter on Mar 8, 2024.
             Killed by divine providence
             ... invoked by an orc priest
              (12 damage)
             ... on level 4 of the Dungeon.
             The game lasted 00:04:12 (3055 turns).

Gadfly the Shield-Bearer (Gargoyle Fighter)         Turns: 3055, Time: 00:04:13

Health: -6/33      AC: 19    Str: 19    XL:     5   Next: 98%
Magic:  6/6        EV:  5    Int:  9    God:
Gold:   172        SH:  4    Dex: 11    Spells: 4/4 levels left

rFire   . . .        a - +0 flail
rCold   . . .        c - +0 buckler
rNeg    + . .        k - +0 plate armour
rPois   ∞            h - +1 helmet
rElec   +            (no cloak)
rCorr   .            (no gloves)
SInv    .            l - +0 pair of boots
Will    .....        (no amulet) Stlth
                     (no ring)
HPRegen 0.25/turn    (no ring)
MPRegen 0.10/turn

%: no passive effects
@: no status effects
A: sickness immunity, AC +4, negative energy resistance 1, electricity
resistance, torment resistance 1, petrification resistance
a: no special abilities


You were on level 4 of the Dungeon.
You visited 1 branch of the dungeon, and saw 4 of its levels.

You collected 172 gold pieces.

Inventory:

Hand Weapons
 a - a +0 flail (weapon)
Armour
 c - a +0 buckler (worn)
 h - a +1 helmet (worn)
 k - a +0 plate armour (worn)
 l - a +0 pair of boots (worn)
Scrolls
 b - 2 scrolls of identify
 f - a scroll of fog
 g - 5 scrolls of teleportation
 m - a scroll of revelation {unknown}
Potions
 d - a potion of might
 e - a potion of berserk rage
 i - a potion of lignification
 j - a potion of heal wounds


   Skills:
 + Level 3.8 Fighting
 * Level 3.4 Maces & Flails
 + Level 3.7 Armour
 + Level 3.8 Shields
 * Level 2.6 Invocations
 * Level 2.1 Evocations


You had 4 spell levels left.
You didn't know any spells.
Your spell library contained the following spells:

 Spells                   Type           Power      Damage    Failure   Level
 Magic Dart               Conj           0%         1d3       100%        1
 Sandblast                Erth           0%         2d4       100%        1
 Blink                    Tloc           0%         N/A       100%        2
 Call Imp                 Summ           0%         N/A       100%        2
 Mercury Vapours          Alch/Air       0%         N/A       100%        2
 Mephitic Cloud           Conj/Alch/Air  0%         N/A       100%        3
 Passwall                 Erth           0%         N/A       100%        3
 Stone Arrow              Conj/Erth      0%         3d7       100%        3
 Brom's Barrelling Bould  Conj/Erth      0%         2d3       100%        4
 Freezing Cloud           Conj/Ice/Air   0%         6-21      100%        5


Dungeon Overview and Level Annotations

Branches:
Dungeon (4/15)
 Temple: D:4-7

Altars:


Innate Abilities, Weirdness & Mutations

You are immune to sickness and miasma.
Your stone body is resilient. (AC +4)
You are immune to poison.
You resist negative energy. (rN+)
You are resistant to electric shocks. (rElec)
You are resistant to unholy torment.
You are immune to petrification.


Message History

You barely miss the orc priest.
The orc priest invokes the aid of Beogh against you.
You barely resist. You closely miss the orc wizard.
The orc priest hits you but does no damage.
The orc wizard gestures wildly while chanting.
The orc wizard flickers and vanishes!
Deactivating autopickup; reactivate with Ctrl-A.
The orc hits you but does no damage.
The orc priest hits you with a +0 war axe.
You completely miss the orc priest. You block the orc's attack.
You hear some strange, mumbled words.
A magic dart appears from out of thin air!
The magic dart hits you but does no damage.
The orc priest barely misses you. The orc hits you but does no damage.
You closely miss the orc priest.
The orc priest invokes the aid of Beogh against you.
Pain shoots through your body! Something hits you. Something burns you.
The orc hits you but does no damage.
You hit the orc priest.
The orc priest is lightly wounded.
The orc hits you but does no damage. Something hits you but does no damage.
You block the orc priest's attack. You block the orc's attack.
You barely miss the orc priest.
The orc priest is lightly wounded.
Something hits you but does no damage.
The orc hits you with a +1 dagger of speed.
The orc priest barely misses you.
The orc hits you with a +1 dagger of speed.
You hear some strange, mumbled words.
A magic dart appears from out of thin air!
The magic dart hits you!
* * * LOW HITPOINT WARNING * * *
The orc priest barely misses you. Something completely misses you.
The orc priest looks braver for a moment.
The orc attacks as it pursues you! The orc hits you but does no damage.
The orc priest calls down the wrath of Beogh upon you.
Beogh smites you!
You die...

#.......##...###.###
####.#..##...# #.#
#.#.....).###.#####
#.#..###..#........
#..................
###.......#o.......
#........).......
#.#####o#####....
#.# #@# . #. #.#
#### #. ... ....
##.## #.## #.# #.#
#.# #..


You could see an orc priest and an orc.

Vanquished Creatures
  A black bear (D:2)
  5 adders
  A dart slug (D:2)
  4 orcs
  8 bats
  8 endoplasms
  A giant cockroach (D:2)
  7 goblins
  8 hobgoblins
  7 jackals (D:1)
  2 kobolds
  4 quokkas
  7 ball pythons
  3 frilled lizards
  A rat (D:2)
67 creatures vanquished.

Notes
Turn   | Place    | Note
-------+----------+-------------------------------------------
     0 | D:1      | Gadfly the Gargoyle Fighter began the quest for the Orb.
     0 | D:1      | Reached XP level 1. HP: 14/14 MP: 1/1
   109 | D:1      | Reached XP level 2. HP: 19/19 MP: 2/2
   364 | D:1      | Reached skill level 1 in Invocations
   449 | D:1      | Reached XP level 3. HP: 20/23 MP: 3/3
  1015 | D:2      | Reached skill level 1 in Evocations
  1131 | D:2      | Found a faded altar of an unknown god.
  1289 | D:2      | Reached XP level 4. HP: 28/28 MP: 5/5
  1389 | D:2      | Noticed a black bear
  1408 | D:2      | Killed a black bear
  1409 | D:2      | Reached XP level 5. HP: 14/33 MP: 6/6
  3055 | D:4      | Killed from afar by an orc priest

Illustrated notes

Levels and vault maps discovered:
D:1:      minmay_arrival_semitransparent, layout_basic
D:2:      layout_basic, hellmonk_ecumenical_altar_zigzags, minmay_pentomino_s4
D:3:      layout_loops_corners, amcnicky_mini_rare_corridor_liquid
D:4:      layout_basic, nicolae_overflow_crystal_walls, serial_glass,
          glass_columns_a, glass_columns_c, guppyfry_early_orc_mine

Skill      XL: |  1  2  3  4  5 |
---------------+----------------+-----
Invocations    | 1 2 |  2.6
Evocations     | 1 2 |  2.1
Maces & Flails | 3 |  3.4
Fighting       | |  3.8
Armour         | |  3.7
Shields        | |  3.8

Action                     |  1- 3 |  4- 6 || total
---------------------------+-------+-------++-------
  Melee: Flail             |   130 |   116 ||   246
    Use: Scroll            |     3 |     3 ||     6
         Potion            |       |     1 ||     1
 Armour: Scale mail        |   108 |       ||   108
         Plate armour      |     3 |   120 ||   123
  Dodge: Dodged            |    71 |    31 ||   102
  Block: Buckler           |    36 |    24 ||    60
